 Dungeon Crawl Stone Soup version 0.31-a0-165-g3f4f80340b (webtiles) character file.

Game seed: 1192803125550996392

25 qw the Shield-Bearer (level 3, -3/23 HPs)
             Began as a Gargoyle Fighter on June 13, 2023.
             Slain by Sigmund
             ... wielding a +0 scythe
              (10 damage)
             ... on level 2 of the Dungeon.
             The game lasted 00:00:18 (874 turns).

qw the Shield-Bearer (Gargoyle Fighter)              Turns: 874, Time: 00:00:19

Health: -3/23      AC: 10    Str: 21    XL:     3   Next: 4%
Magic:  3/3        EV:  6    Int:  8    God:
Gold:   43         SH:  0    Dex:  9    Spells: 2/2 levels left

rFire   . . .        Y - +0 war axe
rCold   + . .        c - +0 buckler
rNeg    + + .        b - +0 scale mail
rPois   inf          (no helmet)
rElec   +            (no cloak)
rCorr   .            (no gloves)
SInv    .            (no boots)
Will    .....        (no amulet) Stlth
                     g - ring of protection from cold
HPRegen 0.23/turn    i - ring of positive energy
MPRegen 0.08/turn

%: no passive effects
@: confused, constricted
A: sickness immunity, AC +3, negative energy resistance 1, electricity
resistance, torment resistance 1, petrification resistance
a: no special abilities


You were on level 2 of the Dungeon.
You visited 1 branch of the dungeon, and saw 2 of its levels.

You collected 67 gold pieces.
You spent 24 gold pieces at shops.


Innate Abilities, Weirdness & Mutations

You are immune to sickness and miasma.
Your stone body is resilient. (AC +3)
You are immune to poison.
You resist negative energy. (rN+)
You are resistant to electric shocks. (rElec)
You are resistant to unholy torment.
You are immune to petrification.


   Skills:
 - Level 3.2 Fighting
 + Level 3.1 Axes
 - Level 3.2 Armour
 - Level 3.2 Shields


You had 2 spell levels left.
You didn't know any spells.
Your spell library was empty.

Inventory:

Hand Weapons
 f - a +0 club
 Y - a +0 war axe (weapon)
Armour
 b - a +0 scale mail (worn)
 c - a +0 buckler (worn)
 k - a +0 helmet
Jewellery
 g - a ring of protection from cold (left hand)
 i - a ring of positive energy (right hand)
Scrolls
 e - a scroll of revelation {unknown}
 h - 2 scrolls of identify
 l - a scroll of blinking {unknown}
 m - a scroll of fog {unknown}
Potions
 a - a potion of heal wounds {unknown}
 d - 2 potions of might
 j - a potion of enlightenment {unknown}

Dungeon Overview and Level Annotations

Branches:
Dungeon (2/15)

Altars:

Shops:
D:1 *

Annotations:
D:2 Sigmund


Message History

The adder is severely wounded.
The adder completely misses you. The adder barely misses you.
You slash the adder!
You kill the adder!
Your Axes skill increases to level 3!
You have reached level 3!
Your experience leads to an increase in your attributes!
Increase (S)trength, (I)ntelligence, or (D)exterity?
You feel stronger. x2
Found a stone staircase leading up.
Enter note:
Enter note:
h - 2 scrolls of identify (gained 1) Sigmund the Dreaded comes into view.
He is wielding a +0 scythe.
Sigmund shouts!
Sigmund points at you and mumbles some strange words.
You are confused.
A ball python comes into view.
Enter note:
Enter note: The ball python hisses angrily.
Sigmund gestures at you while chanting. The magic dart hits you.
Sigmund casts a spell at you. The magic dart hits you!
The ball python bites you. The ball python barely misses you.
You feel less confused. The ball python closely misses you.
The ball python grabs you. The ball python constricts you.
You closely miss the ball python. The ball python closely misses you.
The ball python constricts you. Sigmund hits you but does no damage.
The ball python bites you. The ball python constricts you.
You barely miss the ball python.
The ball python bites you but does no damage.
The ball python constricts you. Sigmund gestures at you while chanting.
You are confused.
The ball python bites you. The ball python constricts you.
Sigmund hits you from afar with a +0 scythe!
You die...

#...# #...# #...# #####
#...####### ### ##...
+.......... ....
#...#####......####
.....#.......#...##.###
.........##..)...##...#
......S@........>####.#
........##..###..# #.#
......@###..#....####.#
....... #...#.##....#.#
....... #..##. #..#.#.#
.....<. ... . #..#.#.##
##.....#.. ##
.[..#.#... #.....
#.#.##.#.#. #.#.##.#.#.


You could see Sigmund and a ball python.

Vanquished Creatures
  An adder (D:2)
  A dart slug (D:2)
  3 ball pythons (D:1)
  3 bats (D:1)
  2 endoplasms (D:2)
  A hobgoblin (D:2)
  A kobold (D:2)
  2 rats (D:1)
14 creatures vanquished.

Notes
Turn   | Place    | Note
-------+----------+-------------------------------------------
     0 | D:1      | qw the Gargoyle Fighter began the quest for the Orb.
     0 | D:1      | Reached XP level 1. HP: 14/14 MP: 1/1
     0 | D:1      | 0 ||| qw: Version: 0.2-a-29-gc1b59c4
     0 | D:1      | 0 ||| qw: Game counter: 4678
     0 | D:1      | 0 ||| qw: Always use a shield: true
     0 | D:1      | 0 ||| qw: God list: Okawaru
     0 | D:1      | 0 ||| qw: Allow faded altars: false
     0 | D:1      | 0 ||| qw: Do Orc after D:15 true
     0 | D:1      | 0 ||| qw: Do second Lair branch before Depths: true
     0 | D:1      | 0 ||| qw: Lair rune preference: random
     0 | D:1      | 0 ||| qw: Plans: Normal, Zot:1-4, Slime:5, God:TSO, Crypt,
                  | Tomb, Abyss, Pan, Hells, Win
     0 | D:1      | 0 ||| PLANNING D:1-11
   224 | D:1      | Found Ewkife's General Store.
   233 | D:1      | 233 ||| SHOPLISTING potion of cancellation (96 gold, have
                  | 34).
   233 | D:1      | 233 ||| BUYING scroll of identify (24 gold).
   233 | D:1      | Bought a scroll of identify for 24 gold pieces
   233 | D:1      | 233 ||| SHOPLISTING scroll of identify (24 gold, have 10).
   239 | D:1      | Reached XP level 2. HP: 18/19 MP: 2/2
   719 | D:1      | 719 ||| UPGRADING to ring of protection from cold.
   720 | D:1      | 720 ||| UPGRADING to ring of positive energy.
   721 | D:1      | 721 ||| READING scroll labelled SIAZEE JOVUDY.
   726 | D:1      | 726 ||| READING scroll labelled URPHIY OPTONN.
   777 | D:2      | 777 ||| Stepping ~*~*~tactically~*~*~ (hiding).
   859 | D:2      | Reached skill level 3 in Axes
   859 | D:2      | Reached XP level 3. HP: 23/23 MP: 3/3
   864 | D:2      | Noticed Sigmund
   874 | D:2      | Slain by Sigmund

Levels and vault maps discovered:
D:1:      lordsloth_arrival_two_stooges, layout_basic, serial_shops, shop
D:2:      layout_basic, minmay_small_reverse_x, uniq_sigmund

Skill      XL: |  1  2 |
---------------+-------+-----
Axes           | 2 3 |  3.1
Fighting       | |  3.2
Armour         | |  3.2
Shields        | |  3.2

Action                     || total
---------------------------++-------
  Melee: War axe           ||    36
    Use: Scroll            ||     2
 Armour: Scale mail        ||    17
  Dodge: Dodged            ||    24
  Block: Buckler           ||     4

Table legend:
 A = Non-vault XP
 B = Vault XP
 C = Vault XP percentage of total XP
 D = Non-vault monster count
 E = Vault monster count
 F = Vault count percentage of total count
                 A         B        C        D         E       F
            +---------+---------+-------+---------+---------+-------
      Total |      29 |       7 |  19.4 |      10 |       4 |  28.6
            +---------+---------+-------+---------+---------+-------
        D:1 |      12 |       0 |   0.0 |       8 |       0 |   0.0
        D:2 |      17 |       7 |  29.2 |       2 |       4 |  66.7
            +---------+---------+-------+---------+---------+-------
